cohdb
Replays
Latest Replays
All Replays
Popular Replays
Top Player Replays
Match Explorer
How It Works
Community
CoH3 Stats
Reddit
Sign in to upload your games and track your stats! →
Sign in with Steam
TURBO 4V4 HI
Match 36330305
Overview
Messages
Build Orders
End
Engineer Squad
Construct Barracks
Riflemen Squad
Riflemen Squad
Riflemen Squad
Infantry Support Center
Construct Medical Station
Construct Motor Pool
Selects Advanced Infantry Battlegroup
Selects Convert to Ranger Squad
Selects Frontline Medical Station
Convert to Ranger Squad
M1 Anti-tank Gun Team
M1 Anti-tank Gun Team
Construct Tank Depot
Convert to Ranger Squad
AHOIENMQ
TURTLE LEONID
Z
rune41
con_007
KampFTrikeR
A Sassy Badger
std::shared_ptr<std::string>();
0
0
Comments
sign in to comment!
No comments posted yet!